 Dungeon Crawl Stone Soup version 0.31.0-11-ge490571c62 (webtiles) character file.

Game seed: 1615863292781020596

369 Bobbunny the Trooper (level 6, -7/61 HPs)
             Began as a Naga Fighter on Feb 3, 2024.
             Mangled by a gnoll
             ... wielding a +0 halberd
              (11 damage)
             ... on level 5 of the Dungeon.
             The game lasted 00:03:14 (3550 turns).

Bobbunny the Trooper (Naga Fighter)                 Turns: 3550, Time: 00:03:14

Health: -7/61      AC:  8    Str: 20    XL:     6   Next: 70%
Magic:  6/6        EV:  3    Int:  9    God:
Gold:   206        SH:  5    Dex: 16    Spells: 5/5 levels left

rFire   . . .        a - +0 war axe
rCold   . . .        c - +0 buckler
rNeg    . . .        e - +0 plate armour
rPois   +            (no helmet)
rElec   .            (no cloak)
rCorr   .            (no gloves)
SInv    +            (no barding)
Will    .....        (no amulet) Stlth
                     m - +6 ring of dexterity
HPRegen 0.30/turn    (no ring)
MPRegen 0.10/turn

%: no passive effects
@: hasted, quick
A: AC +2, large, see invisible, deformed body, poison resistance, slowness 2,
spit poison 1, naga tail 1
a: Spit Poison


You were on level 5 of the Dungeon.
You visited 1 branch of the dungeon, and saw 5 of its levels.
You also visited: Sewer.

You collected 206 gold pieces.

Inventory:

Hand Weapons
 a - a +0 war axe (weapon)
Missiles
 h - 6 poisoned darts
Armour
 c - a +0 buckler (worn)
 e - a +0 plate armour (worn)
Jewellery
 m - a +6 ring of dexterity (left hand)
Scrolls
 b - a scroll of noise
 d - 2 scrolls of identify
 l - 2 scrolls of vulnerability {unknown}
Potions
 f - 3 potions of mutation {unknown}
 g - a potion of haste
 i - 3 potions of magic
 j - a potion of resistance {unknown}
 n - 4 potions of curing
 o - 4 potions of heal wounds
 p - a potion of ambrosia {unknown}


   Skills:
 + Level 5.5 Fighting
 + Level 5.0 Axes
 - Level 2.4 Armour
 - Level 2.6 Shields


You had 5 spell levels left.
You didn't know any spells.
Your spell library contained the following spells:

 Spells                   Type           Power      Damage    Failure   Level
 Call Canine Familiar     Summ           0%         N/A       100%        3
 Ozocubu's Armour         Ice            0%         N/A       100%        3
 Sigil of Binding         Hex            0%         N/A       100%        3
 Dimensional Bullseye     Hex/Tloc       0%         N/A       100%        4
 Metabolic Englaciation   Hex/Ice        0%         N/A       100%        5
 Sculpt Simulacrum        Ice/Alch       0%         N/A       100%        6


Dungeon Overview and Level Annotations

Branches:
Dungeon (5/15)              Sewer (visited)
 Temple: D:4-7

Altars:
Gozag
Qazlal
Ru

Shops:
D:1 [   D:2 (   D:4 *

Annotations:
D:4 3 runed translucent doors, occam's ghost, novice HOFi


Innate Abilities, Weirdness & Mutations

Your serpentine skin is tough. (AC +2)
You have supernaturally acute eyesight. (SInv)
Armour fits poorly on your strangely shaped body.
Your system is resistant to poisons. (rPois)
You cover ground very slowly.
You can spit poison.
You have a snake-like lower body.


Message History

You block the kobold's attack.
You closely miss the kobold.
The kobold is heavily wounded.
The kobold hits you but does no damage.
You barely miss the kobold.
The kobold is heavily wounded.
You hit the hobgoblin. You block the gnoll's attack.
You block the hobgoblin's attack. The kobold hits you but does no damage.
You slash the kobold!
You kill the kobold!
You closely miss the hobgoblin. The gnoll barely misses you.
The hobgoblin hits you but does no damage.
The gnoll hits you from afar with a +0 halberd.
The hobgoblin hits you. You block the hobgoblin's attack.
The gnoll hits you with a +0 halberd!
* * * LOW HITPOINT WARNING * * *
Things that are here:
a +0 short sword; 7 poisoned darts You closely miss the gnoll.
You hit the hobgoblin. The gnoll hits you but does no damage.
You block the hobgoblin's attack.
You hit the gnoll but do no damage. You hit the hobgoblin.
You block the gnoll's attack.
The hobgoblin hits you but does no damage.
The gnoll hits you with a +0 halberd!
* * * LOW HITPOINT WARNING * * *
The hobgoblin hits you.
* * * LOW HITPOINT WARNING * * *
You feel yourself speed up. The gnoll hits you with a +0 halberd.
* * * LOW HITPOINT WARNING * * *
You block the hobgoblin's attack.
As you read the scroll of fear, it crumbles to dust.
You assume a fearsome visage.
The hobgoblin looks frightened!
The gnoll looks frightened! x2; The kobold looks frightened! x2
The hobgoblin cowers, then darts away.
A hobgoblin opens the door. 2 gnolls and 2 hobgoblins come into view.
The hobgoblin shouts!
The gnoll shouts!
The hobgoblin shouts!
You hear a shout! x3
The gnoll attacks as it pursues you!
The gnoll hits you from afar with a +0 halberd!
You die... ≈≈ #g ################### #g #..............#.). #gg

#......).......'.).
#'##......).......####
#g.....########.......
#......# #.......
#†)g...########.......
#'##.@............####
#$K
#..............)...
#$g
#..............#...
#$$
###################
###


You could see 2 gnolls and 3 hobgoblins.

Vanquished Creatures
  Pargi (Sewer)
  A bombardier beetle (D:5)
  A jelly (D:5)
  A hound (D:5)
  Jessica (D:2)
  2 adders
  2 gnolls (D:5)
  A river rat (D:3)
  A dart slug (D:2)
  3 ribbon worms
  3 orcs (D:3)
  7 endoplasms
  6 giant cockroaches
  13 hobgoblins
  13 jackals
  3 quokkas
  4 ball pythons
  4 bats
  3 frilled lizards
  6 goblins
  6 kobolds
  5 rats
87 creatures vanquished.

Notes
Turn   | Place    | Note
-------+----------+-------------------------------------------
     0 | D:1      | Bobbunny the Naga Fighter began the quest for the Orb.
     0 | D:1      | Reached XP level 1. HP: 21/21 MP: 1/1
   132 | D:1      | Reached XP level 2. HP: 22/28 MP: 2/2
   161 | D:1      | Found Wishuf's Armour Shoppe.
   396 | D:1      | Found a faded altar of an unknown god.
   691 | D:2      | Reached XP level 3. HP: 33/34 MP: 3/3
   758 | D:2      | Found a sacrificial altar of Ru.
   893 | D:2      | Found Hureempe's Weapon Shoppe.
  1108 | D:2      | Noticed Jessica
  1111 | D:2      | Killed Jessica
  1112 | D:2      | Reached XP level 4. HP: 44/44 MP: 4/4
  1306 | D:3      | Found a glowing drain.
  1310 | Sewer    | Entered a sewer
  1418 | Sewer    | Noticed Pargi
  1441 | Sewer    | Killed Pargi
  1442 | Sewer    | Reached XP level 5. HP: 6/51 MP: 5/5
  1948 | D:3      | Found a stormy altar of Qazlal.
  2107 | D:3      | Reached skill level 5 in Fighting
  2247 | D:4      | Found an opulent altar of Gozag.
  2252 | D:4      | Found Gozag's Platinum Reserve.
  2444 | D:4      | Reached XP level 6. HP: 61/61 MP: 6/6
  2622 | D:4      | Found a runed translucent gate.
  2623 | D:4      | Found a runed translucent gate.
  2623 | D:4      | Noticed occam's ghost (novice HOFi)
  2624 | D:4      | Identified the +7 whip "Trog's Vengeance" {venom, rN+
                  | Int+6}
  2626 | D:4      | Found a runed translucent gate.
  3088 | D:5      | Entered Level 5 of the Dungeon
  3443 | D:5      | Reached skill level 5 in Axes
  3546 | D:5      | HP: 3/61 [gnoll/+0 halberd (6)]
  3550 | D:5      | Mangled by a gnoll

Illustrated notes

Levels and vault maps discovered:
D:1:      amcnicky_arrival_feature_with_door, layout_basic,
          hellmonk_ecumenical_altar_lost_god, serial_shops, shop
D:2:      layout_loops_ring, serial_shops, nicolae_shop_behind_doors,
          basic_altar, skrybe_limestone_x, uniq_jessica
D:3:      layout_basic, mainiacjoe_overflow_catwalk, gup_sewer_entry_bowl,
          nicolae_eternal_life
D:4:      layout_basic, nicolae_gozag_zags_fifth_avenue,
          biasface_ghost_orc_armoury
D:5:      minmay_goblin_kobold_castle, layout_loops_ring,
          minmay_temple_entry_tees, grunt_decor_mini_mirrors

Skill      XL: |  1  2  3  4  5  6 |
---------------+-------------------+-----
Axes           | 3 4 5 |  5.0
Fighting       | 4 5 |  5.5
Armour         | |  2.4
Shields        | |  2.6

Action                     |  1- 3 |  4- 6 || total
---------------------------+-------+-------++-------
  Melee: War axe           |    76 |   185 ||   261
Ability: Spit Poison       |     1 |     2 ||     3
    Use: Potion            |       |     2 ||     2
         Scroll            |       |     9 ||     9
 Armour: Scale mail        |     9 |       ||     9
         Plate armour      |    58 |   253 ||   311
  Dodge: Dodged            |    20 |    36 ||    56
  Block: Buckler           |    21 |    63 ||    84
